PR
FORT KNOX CENTENNIAL @ MEMPHIS MUSIC
08/19/2032
 
TOP OF THE 1ST
Fort Knox Centennial batting - Pitching for Memphis Music : LHP Jian-gun Fei
Pitching: LHP Jian-gun Fei
Batting: RHB Loring Rommel 0-0: Ground out 4-3 (Groundball, 4)
Batting: RHB Eibe Schmidt 0-0: Called Strike
0-1: Foul Ball, location: 2F
0-2: Ball
1-2: Strikes out swinging
Batting: RHB Alfredo Araújo 0-0: Ball
1-0: Ball
2-0: Ball
3-0: Base on Balls
Batting: RHB Sergio Chávez 0-0: Ball
1-0: Swinging Strike
1-1: Called Strike
1-2: Foul Ball, location: 2F
1-2: Fly out, F8 (Flyball, 8LD)
Top of the 1st over - 0 runs, 0 hits, 0 errors, 1 left on base; Fort Knox 0 - Memphis 0
BOTTOM OF THE 1ST
Memphis Music batting - Pitching for Fort Knox Centennial : RHP Jacob Swanson
Pitching: RHP Jacob Swanson
Batting: LHB Evan Meertens 0-0: Ball
1-0: Ground out 6-3 (Groundball, 6)
Batting: RHB Ben Bowers 0-0: Called Strike
0-1: Swinging Strike
0-2: Fly out, F4 (Popup, 4S)
Batting: RHB Jeremy Migliorati 0-0: Swinging Strike
0-1: Ball
1-1: Foul Ball, location: 2F
1-2: SOLO HOME RUN (Flyball, 7LD), Distance : 369 ft
Batting: RHB Telman Gadzhiyev 0-0: Ball
1-0: SOLO HOME RUN (Flyball, 7LD), Distance : 366 ft
Batting: RHB Clint Morgan 0-0: Ball
1-0: Ball
2-0: Ground out 4-3 (Groundball, 34)
Bottom of the 1st over - 2 runs, 2 hits, 0 errors, 0 left on base; Fort Knox 0 - Memphis 2
TOP OF THE 2ND
Fort Knox Centennial batting - Pitching for Memphis Music : LHP Jian-gun Fei
Batting: RHB Dejmi Dumervil 0-0: Ball
1-0: Called Strike
1-1: Hit by Pitch
Batting: RHB Maxence Sultanbekov 0-0: Ball
1-0: Ball
Dejmi Dumervil is caught stealing 2nd base
2-0: Called Strike
2-1: Swinging Strike
2-2: Ball
3-2: Base on Balls
Batting: RHB Dick Melton 0-0: Ball
Maxence Sultanbekov steals 2nd base
1-0: Ball
2-0: Foul Ball, location: 2F
2-1: Called Strike
2-2: Strikes out swinging
Batting: RHB Kimi Okubo 0-0: Foul Ball, location: 2F
0-1: Foul Ball, location: 2F
0-2: Ball
1-2: Ball
2-2: Ball
3-2: Ground out 6-3 (Groundball, 6M)
Top of the 2nd over - 0 runs, 0 hits, 0 errors, 1 left on base; Fort Knox 0 - Memphis 2
BOTTOM OF THE 2ND
Memphis Music batting - Pitching for Fort Knox Centennial : RHP Jacob Swanson
Batting: RHB Bob Williams 0-0: Ball
1-0: Called Strike
1-1: Foul Ball, location: 2F
1-2: Strikes out swinging
Batting: RHB Manny Valentín 0-0: Called Strike
0-1: Ball
1-1: Ball
2-1: DOUBLE (Popup, 6D)
Batting: RHB Gonzalo Reyes 0-0: Foul Ball, location: 2F
0-1: Foul Ball, location: 2F
0-2: Strikes out swinging
Batting: LHB Klaas Westerduin 0-0: Fly out, F7 (Flyball, 7D)
Bottom of the 2nd over - 0 runs, 1 hit, 0 errors, 1 left on base; Fort Knox 0 - Memphis 2
TOP OF THE 3RD
Fort Knox Centennial batting - Pitching for Memphis Music : LHP Jian-gun Fei
Batting: RHB Desiderio Baroncelli 0-0: Ground out U3 (Groundball, 3)
Batting: RHB Loring Rommel 0-0: Foul Ball, location: 2F
0-1: SINGLE (Groundball, 4MD)
Batting: RHB Eibe Schmidt 0-0: Ball
1-0: Called Strike
1-1: Foul Ball, location: 2F
1-2: Strikes out swinging
Batting: RHB Alfredo Araújo 0-0: Ball
1-0: Called Strike
1-1: Ball
2-1: Called Strike
2-2: Fly out, F9 (Flyball, 9S)
Top of the 3rd over - 0 runs, 1 hit, 0 errors, 1 left on base; Fort Knox 0 - Memphis 2
BOTTOM OF THE 3RD
Memphis Music batting - Pitching for Fort Knox Centennial : RHP Jacob Swanson
Batting: LHB Evan Meertens 0-0: Fly out, F3 (Line Drive, 3S)
Batting: RHB Ben Bowers 0-0: Ball
1-0: Ground out 5-3 (Groundball, 5)
Batting: RHB Jeremy Migliorati 0-0: Called Strike
0-1: Foul Ball, location: 2F
0-2: Ground out 5-3 (Groundball, 56)
Bottom of the 3rd over - 0 runs, 0 hits, 0 errors, 0 left on base; Fort Knox 0 - Memphis 2
TOP OF THE 4TH
Fort Knox Centennial batting - Pitching for Memphis Music : LHP Jian-gun Fei
Batting: RHB Sergio Chávez 0-0: Called Strike
0-1: Called Strike
0-2: Ball
1-2: Foul Ball, location: 2F
1-2: Ground out 5-3 (Groundball, 56S)
Batting: RHB Dejmi Dumervil 0-0: Foul Ball, location: 2F
0-1: Ball
1-1: Ground out 1-3 (Groundball, 13S)
Batting: RHB Maxence Sultanbekov 0-0: Ball
1-0: Foul Ball, location: 2F
1-1: Foul Ball, location: 2F
1-2: Ball
2-2: Ground out 6-3 (Groundball, 6)
Top of the 4th over - 0 runs, 0 hits, 0 errors, 0 left on base; Fort Knox 0 - Memphis 2
BOTTOM OF THE 4TH
Memphis Music batting - Pitching for Fort Knox Centennial : RHP Jacob Swanson
Batting: RHB Telman Gadzhiyev 0-0: Ball
1-0: SINGLE (Groundball, 5D)
Batting: RHB Clint Morgan 0-0: SINGLE (Line Drive, 89S)
Telman Gadzhiyev to second
Batting: RHB Bob Williams 0-0: Called Strike
0-1: Called Strike
0-2: Strikes out swinging
Batting: RHB Manny Valentín 0-0: Ball
1-0: Called Strike
1-1: Ball
Wild Pitch!
Telman Gadzhiyev to third
Clint Morgan to second
2-1: Ball
3-1: Base on Balls
Batting: RHB Gonzalo Reyes 0-0: Ball
1-0: Ball
2-0: Foul Ball, location: 2F
2-1: Swinging Strike
2-2: Strikes out swinging
Batting: LHB Klaas Westerduin 0-0: Called Strike
0-1: Called Strike
0-2: Fly out, F8 (Flyball, 8RM)
Bottom of the 4th over - 0 runs, 2 hits, 0 errors, 3 left on base; Fort Knox 0 - Memphis 2
TOP OF THE 5TH
Fort Knox Centennial batting - Pitching for Memphis Music : LHP Jian-gun Fei
Batting: RHB Dick Melton 0-0: Ball
1-0: Ball
2-0: Called Strike
2-1: Ball
3-1: Foul Ball, location: 2F
3-2: SINGLE (Groundball, 6D)
Batting: RHB Kimi Okubo 0-0: Grounds into double play, 3-6-4 (Groundball, 34)
Batting: RHB Desiderio Baroncelli 0-0: Fly out, F7 (Flyball, 78S)
Top of the 5th over - 0 runs, 1 hit, 0 errors, 0 left on base; Fort Knox 0 - Memphis 2
BOTTOM OF THE 5TH
Memphis Music batting - Pitching for Fort Knox Centennial : RHP Jacob Swanson
Batting: LHB Evan Meertens 0-0: Called Strike
0-1: Swinging Strike
0-2: Ball
1-2: DOUBLE (Groundball, 3L)
Batting: RHB Ben Bowers 0-0: Sac Bunt - play at first, batter OUT! U3
Evan Meertens to third
Batting: RHB Jeremy Migliorati 0-0: Intentional Walk
Batting: RHB Telman Gadzhiyev 0-0: Ball
1-0: Fly out, F8 (Flyball, 8LM)
Runner from 3rd tags up, SCORES, throw made
Batting: RHB Clint Morgan 0-0: Ball
1-0: Fly out, F7 (Line Drive, 7S)
Bottom of the 5th over - 1 run, 1 hit, 0 errors, 1 left on base; Fort Knox 0 - Memphis 3
TOP OF THE 6TH
Fort Knox Centennial batting - Pitching for Memphis Music : LHP Jian-gun Fei
Batting: RHB Loring Rommel 0-0: Called Strike
0-1: Ball
1-1: Called Strike
1-2: Ball
2-2: Strikes out swinging
Batting: RHB Eibe Schmidt 0-0: Foul Ball, location: 2F
0-1: Ball
1-1: DOUBLE (Line Drive, 8RD)
Batting: RHB Alfredo Araújo 0-0: Ball
1-0: Foul Ball, location: 2F
1-1: Called Strike
1-2: Ground out 1-3 (Groundball, 13)
Eibe Schmidt to third
Batting: RHB Sergio Chávez 0-0: SINGLE (Groundball, 56S) (infield hit)
Eibe Schmidt scores
Batting: RHB Dejmi Dumervil 0-0: Ball
1-0: Foul Ball, location: 2F
1-1: Foul Ball, location: 2F
1-2: Ball
2-2: Ball
3-2: Foul Ball, location: 2F
3-2: Fly out, F1 (Line Drive, 13)
Top of the 6th over - 1 run, 2 hits, 0 errors, 1 left on base; Fort Knox 1 - Memphis 3
BOTTOM OF THE 6TH
Memphis Music batting - Pitching for Fort Knox Centennial : RHP Jacob Swanson
Batting: RHB Bob Williams 0-0: Foul Ball, location: 2F
0-1: Ball
1-1: Swinging Strike
1-2: Foul Ball, location: 2F
1-2: Foul Ball, location: 2F
1-2: Ground out 6-3 (Groundball, 6)
Batting: RHB Manny Valentín 0-0: Ground out 4-3 (Groundball, 4)
Batting: RHB Gonzalo Reyes 0-0: Ball
1-0: SINGLE (Groundball, 4D)
Batting: LHB Klaas Westerduin 0-0: Called Strike
Gonzalo Reyes is caught stealing 2nd base
Bottom of the 6th over - 0 runs, 1 hit, 0 errors, 0 left on base; Fort Knox 1 - Memphis 3
TOP OF THE 7TH
Fort Knox Centennial batting - Pitching for Memphis Music : LHP Jian-gun Fei
Batting: RHB Maxence Sultanbekov 0-0: Ball
1-0: Swinging Strike
1-1: Foul Ball, location: 2F
1-2: Reached on error, E3 (Groundball, 34)
Batting: RHB Dick Melton 0-0: Ball
1-0: Called Strike
1-1: Ball
2-1: Swinging Strike
2-2: Ground out 6-3 (Groundball, 6)
Maxence Sultanbekov to third
Batting: RHB Kimi Okubo 0-0: Ball
1-0: Swinging Strike
1-1: Ball
2-1: Foul Ball, location: 2F
2-2: Strikes out swinging, 2-3 out at first.
Batting: RHB Desiderio Baroncelli 0-0: Ball
1-0: Fly out, F8 (Flyball, 8LD)
Top of the 7th over - 0 runs, 0 hits, 1 error, 1 left on base; Fort Knox 1 - Memphis 3
BOTTOM OF THE 7TH
Memphis Music batting - Pitching for Fort Knox Centennial : RHP Jacob Swanson
Batting: LHB Klaas Westerduin 0-0: Called Strike
0-1: Called Strike
0-2: Ball
1-2: Ball
2-2: Fly out, F9 (Line Drive, 9S)
Batting: LHB Evan Meertens 0-0: Called Strike
0-1: Fly out, F5 (Line Drive, 5)
Batting: RHB Ben Bowers 0-0: Called Strike
0-1: DOUBLE (Line Drive, 78D)
Batting: RHB Jeremy Migliorati 0-0: Intentional Walk
Batting: RHB Telman Gadzhiyev 0-0: Called Strike
0-1: Swinging Strike
0-2: Ball
1-2: Strikes out swinging
Bottom of the 7th over - 0 runs, 1 hit, 0 errors, 2 left on base; Fort Knox 1 - Memphis 3
TOP OF THE 8TH
Fort Knox Centennial batting - Pitching for Memphis Music : LHP Jian-gun Fei
Now at 1B: António Delgado
Now at 3B: Augusto Lucero
Batting: RHB Loring Rommel 0-0: Called Strike
0-1: Ground out U3 (Groundball, 34)
Batting: RHB Eibe Schmidt 0-0: Ball
1-0: Foul Ball, location: 2F
1-1: Ball
2-1: Ball
3-1: Called Strike
3-2: Strikes out looking
Batting: RHB Alfredo Araújo 0-0: Called Strike
0-1: Foul Ball, location: 2F
0-2: Ball
1-2: Strikes out swinging
Top of the 8th over - 0 runs, 0 hits, 0 errors, 0 left on base; Fort Knox 1 - Memphis 3
BOTTOM OF THE 8TH
Memphis Music batting - Pitching for Fort Knox Centennial : RHP Jacob Swanson
Batting: RHB Clint Morgan 0-0: Swinging Strike
0-1: Ball
1-1: Swinging Strike
1-2: Foul Ball, location: 2F
1-2: Foul Ball, location: 2F
1-2: Strikes out swinging
Batting: RHB Bob Williams 0-0: Swinging Strike
0-1: Swinging Strike
0-2: Ball
1-2: SINGLE (Flyball, 89S)
Batting: RHB Manny Valentín 0-0: Foul Ball, location: 2F
0-1: Grounds into double play, 6-4-3 (Groundball, 6)
Bottom of the 8th over - 0 runs, 1 hit, 0 errors, 0 left on base; Fort Knox 1 - Memphis 3
TOP OF THE 9TH
Fort Knox Centennial batting - Pitching for Memphis Music : LHP Jian-gun Fei
Now at C: Ramón Barbosa
Now at 2B: Gerald Snow
Batting: RHB Sergio Chávez 0-0: Foul Ball, location: 2F
0-1: Swinging Strike
0-2: Foul Ball, location: 2F
0-2: Fly out, F8 (Flyball, 8LM)
Batting: RHB Dejmi Dumervil 0-0: Swinging Strike
0-1: Ball
1-1: Ball
2-1: Foul Ball, location: 2F
2-2: Foul Ball, location: 2F
2-2: Foul Ball, location: 2F
2-2: Ball
3-2: Foul Ball, location: 2F
3-2: Foul Ball, location: 2F
3-2: Base on Balls
Pitching: RHP Zach Pae
Batting: RHB Maxence Sultanbekov 0-0: Foul Ball, location: 2F
0-1: Ball
1-1: Ball
2-1: Called Strike
2-2: Ball
3-2: Strikes out looking
Pinch Hitting: LHB Nelson López 0-0: Called Strike
0-1: Ground out U3 (Groundball, 34)
Top of the 9th over - 0 runs, 0 hits, 0 errors, 1 left on base; Fort Knox 1 - Memphis 3
Wednesday, September 19th, 2018 - OOTP Baseball 18.8 Build 76